 Dungeon Sprint DCSS version 0.20-b1-2-gc5a9893 (webtiles) character file.

15939 Snowbourne the Ninja (level 12, -3/51 HPs)
             Began as a Spriggan Enchanter on May 22, 2017.
             Was the Champion of Dithmenos.
             Killed by divine providence
             ... invoked by a daeva
              (8 damage)
             ... in the Dungeon (Sprint I: "Red Sonja").
             The game lasted 00:13:02 (1990 turns).

Snowbourne the Ninja (Spriggan Enchanter)           Turns: 1990, Time: 00:13:03

Health: -3/51      AC:  9    Str:  9    XL:     12   Next: 5%
Magic:  9/17       EV: 33    Int: 18    God:    Dithmenos [******]
Gold:   917        SH:  0    Dex: 25    Spells: 4/16 levels left

rFire    . . .     SeeInvis +   u - +3 rapier (protect)
rCold    . . .     Gourm    .   (shield restricted)
rNeg     + . .     Faith    .   b - +0 robe
rPois    +         Spirit   .   (helmet restricted)
rElec    .         Reflect  .   (no cloak)
rCorr    .         Harm     .   (gloves unavailable)
MR       ++...     NoTele   +   (boots unavailable)
Stlth    ++++++++++             (no amulet)
Regen    0.2/turn               q - ring "Erityfak" {rPois rN+ Int+2 Dex+3}
MPRegen  0.2/turn               v - ring of Waguewegg {Str+5 Stlth+}

@: protection aura, very quick
A: unfitting armour, hooves 1, see invisible, herbivore 3, speed 3, screaming 1,
slow metabolism 2
a: Shadow Step, Shadow Form, Renounce Religion


You were in the Dungeon.
You worshipped Dithmenos.
Dithmenos was exalted by your worship.
You were not hungry.

You visited 1 branch You collected 2451 gold pieces.
You spent 1502 gold pieces at shops.
You donated 32 gold pieces to Zin.

Inventory:

Hand Weapons
 a - a +1 dagger
 o - a +2 dagger of distortion
 u - a +3 rapier of protection (weapon)
Armour
 b - a +0 robe (worn)
Jewellery
 q - the ring "Erityfak" (left hand) {rPois rN+ Int+2 Dex+3}
   (You found it in the Dungeon)

   [ring of intelligence]

   It affects your intelligence (+2).
   It affects your dexterity (+3).
   It protects you from poison.
   It protects you from negative energy.
 v - the ring of Waguewegg (right hand) {Str+5 Stlth+}
   (You bought it in a shop in the Dungeon)

   [ring of strength]

   It affects your strength (+5).
   It makes you more stealthy.
Wands
 i - a wand of digging (18/24)
 n - a wand of disintegration (9/24)
Scrolls
 j - a scroll of blinking
 l - 2 scrolls of identify {unknown}
 m - a scroll of fog {unknown}
 t - a scroll of vulnerability {unknown}
Potions
 e - 3 potions of curing
 f - a potion of heal wounds
 g - a potion of haste
 h - 2 potions of magic
 k - a potion of might {unknown}
 p - a potion of brilliance {unknown}
Books
 c - a book of Maledictions

   Spells                             Type                      Level
   a - Corona                         Hexes                        1
   b - Ensorcelled Hibernation        Hexes/Ice                    2
   c - Confuse                        Hexes                        3
   d - Tukima's Dance                 Hexes                        3
   e - Dazzling Spray                 Conjuration/Hexes            3
Miscellaneous
 r - a sack of spiders
Comestibles
 d - 2 bread rations
 s - a royal jelly


   Skills:
 + Level 9.9 Short Blades
 + Level 13.0 Dodging
 O Level 27 Stealth
 - Level 2.6 Spellcasting
 * Level 21.6 Hexes


You had 4 spell levels left.
You knew the following spells:

 Your Spells              Type           Power        Failure   Level  Hunger
a - Corona                Hex            ######.      0%          1    #......
b - Ensorcelled Hibernat  Hex/Ice        #####.       1%          2    ##.....
c - Confuse               Hex            ######..     0%          3    ###....
d - Dazzling Spray        Conj/Hex       #####.       1%          3    ###....
e - Tukima's Dance        Hex            ######..     0%          3    ###....


Dungeon Overview and Level Annotations

Branches:
Dungeon (1/1)

Altars:
Cheibriados
Dithmenos
Elyvilon
Fedhas
Gozag
Hepliaklqana
Kikubaaqudgha
Makhleb
Nemelex Xobeh
Okawaru
Qazlal
Ru
Sif Muna
Trog
Uskayaw
Vehumet
Xom
Yredelemnul
Zin
The Shining One
Jiyva
Lugonu

Shops:
D (?[[!(([[=(*!(!:(!![?


Innate Abilities, Weirdness & Mutations

You are very small and have problems with some larger weapons.
You are too small for most types of armour.
You have supernaturally acute eyesight. (SInv)
You are a herbivore.
You cover ground extremely quickly.
You need consume almost no food.
You have large cloven feet.
You occasionally shout uncontrollably at your foes.


Message History

Aiming: Ensorcelled Hibernation
Press: ? - help, Shift-Dir - straight line, f - unseen horror
Aim: an unseen horror (black smoke, slightly transparent, chance to defeat MR: 67%)
The unseen horror resists with significant effort.
Your shadow mimicks your spell!
The unseen horror resists with some effort.
The unseen horror misses you.
The unseen horror moves out of view.
The unseen horror completely misses you.
The daeva calls down the wrath of the Shining One upon you.
The Shining One smites you!
* * * LOW HITPOINT WARNING * * *
The unseen horror closely misses you.
The daeva calls down the wrath of the Shining One upon you.
The Shining One smites you!
* * * LOW HITPOINT WARNING * * *
You emit a cloud of dark smoke.
The unseen horror completely misses you.
The daeva calls down the wrath of the Shining One upon you.
The Shining One smites you!
You die...

##########################
)...#((#§§..†§§.§§.+†.#..+
#...##'#§####§§.§.##§.'^.#
#...'.§#.# ##§§§#######+#
#####.§§§# $###§# ?$##
#..##§#### .$#y#@##$$$#
§.§#..§§§#..$###xx###$#
#§.#.§§§§+..$$$##§#A#$#
##'###§..#...2.#§§###$#
##.'.#..)# #++##§##..$#
.###.#..## #.. +###
.∩##†#^.# ##.. ####§##'#
##. ..##§##)# .#


You could see a daeva and 2 unseen horrors.

Vanquished Creatures
  A lorocyproca (D)
  A hydra (D)
  2 centaur warriors (D)
  Sonja (D)
  A deep troll (D)
  5 unseen horrors (D)
  A lindwurm (D)
  An oklob plant (D)
  6 shining eyes (D)
  A gargoyle (D)
  2 kobold demonologists (D)
  4 demonic crawlers (D)
  A hornet (D)
  A slime creature (D)
  2 redbacks (D)
  Sigmund (D)
  13 hogs (D)
  A yak (D)
  7 floating eyes (D)
  An ogre (D)
  6 necrophages (D)
  8 jellies (D)
  Ijyb (D)
  3 ballistomycetes (D)
  A ballistomycete spore (D)
72 creatures vanquished.

Vanquished Creatures (others)
  A shining eye (D)
  A gargoyle (D)
  A necrophage (D)
  A ballistomycete spore (D)
4 creatures vanquished.

Grand Total: 76 creatures vanquished

Notes
Turn   | Place    | Note
-------+----------+-------------------------------------------
     0 | D        | Snowbourne the Spriggan Enchanter began the quest for the Orb.
     0 | D        | Reached XP level 1. HP: 9/9 MP: 5/5
     2 | D        | Noticed Ijyb
    10 | D        | Killed Ijyb
    10 | D        | Reached skill level 8 in Stealth
    10 | D        | Reached skill level 5 in Hexes
    10 | D        | Reached XP level 2. HP: 13/13 MP: 6/6
    53 | D        | Learned a level 2 spell: Ensorcelled Hibernation
    55 | D        | Noticed an ogre
    57 | D        | Killed an ogre
    57 | D        | Reached skill level 12 in Stealth
    57 | D        | Reached XP level 3. HP: 16/16 MP: 8/8
    57 | D        | Reached XP level 4. HP: 21/21 MP: 9/9
    72 | D        | Learned a level 3 spell: Confuse
    73 | D        | Noticed Sigmund
    75 | D        | Killed Sigmund
    75 | D        | Reached skill level 15 in Stealth
    75 | D        | Reached XP level 5. HP: 24/24 MP: 10/10
    88 | D        | Found a deep blue altar of Sif Muna.
    90 | D        | Found a radiant altar of Vehumet.
    94 | D        | Reached XP level 6. HP: 28/28 MP: 11/11
    99 | D        | Learned a level 3 spell: Dazzling Spray
   127 | D        | Found Bumos's Armour Emporium.
   127 | D        | Found an ancient bone altar of Kikubaaqudgha.
   127 | D        | Found a hazy altar of Hepliaklqana.
   127 | D        | Found a hide-covered altar of Uskayaw.
   127 | D        | Found a basalt altar of Yredelemnul.
   127 | D        | Found an opulent altar of Gozag.
   127 | D        | Found a snail-covered altar of Cheibriados.
   127 | D        | Found a sacrificial altar of Ru.
   127 | D        | Found a shadowy altar of Dithmenos.
   127 | D        | Noticed a yak
   128 | D        | Found a stormy altar of Qazlal.
   128 | D        | Found a blossoming altar of Fedhas.
   128 | D        | Found a bloodstained altar of Trog.
   128 | D        | Found an iron altar of Okawaru.
   128 | D        | Found a glowing golden altar of the Shining One.
   128 | D        | Found a glowing silver altar of Zin.
   128 | D        | Found a white marble altar of Elyvilon.
   129 | D        | Killed a yak
   129 | D        | Reached skill level 17 in Stealth
   129 | D        | Reached skill level 10 in Hexes
   130 | D        | Found a sparkling altar of Nemelex Xobeh.
   136 | D        | Became a worshipper of Zin the Law-Giver
   136 | D        | Reached * piety under Zin
   136 | D        | Reached ** piety under Zin
   136 | D        | Reached *** piety under Zin
   136 | D        | Reached **** piety under Zin
   136 | D        | Reached ***** piety under Zin
   136 | D        | Reached ****** piety under Zin
   144 | D        | Noticed Sonja
   148 | D        | Killed Sonja
   148 | D        | Reached skill level 20 in Stealth
   148 | D        | Reached XP level 7. HP: 32/32 MP: 12/12
   165 | D        | Found Cytwub's Antique Weapon Boutique.
   175 | D        | Noticed a shining eye
   175 | D        | Noticed a shining eye
   175 | D        | Noticed a shining eye
   175 | D        | Noticed a shining eye
   175 | D        | Noticed a shining eye
   175 | D        | Noticed a shining eye
   177 | D        | Reached XP level 8. HP: 36/36 MP: 13/13
   178 | D        | Noticed a shining eye
   178 | D        | Noticed a shining eye
   178 | D        | Paralysed by a floating eye for 2 turns
   181 | D        | Killed a shining eye
   181 | D        | Reached skill level 21 in Stealth
   185 | D        | Reached skill level 22 in Stealth
   191 | D        | Killed a shining eye
   191 | D        | Reached XP level 9. HP: 39/39 MP: 7/14
   194 | D        | Killed a shining eye
   194 | D        | Reached skill level 23 in Stealth
   197 | D        | Killed a shining eye
   197 | D        | Reached skill level 24 in Stealth
   197 | D        | Reached skill level 15 in Hexes
   203 | D        | Killed a shining eye
   206 | D        | Banished a shining eye
   206 | D        | Reached skill level 25 in Stealth
   217 | D        | Killed a shining eye
   217 | D        | Reached XP level 10. HP: 44/44 MP: 10/15
   233 | D        | Found Lieb's Magic Scroll Shoppe.
   233 | D        | Found Lal Ung's Weapon Boutique.
   233 | D        | Found Urithrod's Antique Armour Emporium.
   234 | D        | Found Cach's Distillery.
   416 | D        | Noticed a deep troll
   442 | D        | Killed a deep troll
   463 | D        | Fell from the grace of Zin
   463 | D        | Became a worshipper of Dithmenos the Shadowed
   484 | D        | Found Essul's Armour Emporium.
   509 | D        | Learned a level 3 spell: Tukima's Dance
   515 | D        | Noticed a centaur warrior
   515 | D        | Noticed a centaur warrior
   517 | D        | Killed a centaur warrior
   517 | D        | Reached skill level 26 in Stealth
   518 | D        | Killed a centaur warrior
   523 | D        | Got a transparent tin ring
   524 | D        | Identified the ring "Erityfak" {rPois rN+ Int+2 Dex+3} (You found it in the Dungeon)
   531 | D        | Reached * piety under Dithmenos
   531 | D        | Reached skill level 27 in Stealth
   543 | D        | Noticed an oklob plant
   545 | D        | Killed an oklob plant
   556 | D        | Reached ** piety under Dithmenos
   576 | D        | Noticed an unseen horror
   577 | D        | Noticed an unseen horror
   582 | D        | Killed an unseen horror
   582 | D        | Reached skill level 5 in Dodging
   586 | D        | Killed an unseen horror
   599 | D        | Reached XP level 11. HP: 47/47 MP: 16/16
   607 | D        | Reached *** piety under Dithmenos
   615 | D        | Reached **** piety under Dithmenos
   638 | D        | Reached ***** piety under Dithmenos
   658 | D        | Reached skill level 5 in Short Blades
   714 | D        | Found Yshoj's Distillery.
   714 | D        | Found Qaf Bei's Magic Scroll Emporium.
   714 | D        | Found Item's Distillery.
   716 | D        | Found Xedghisk's Weapon Boutique.
   716 | D        | Found Woopnais's Book Shoppe.
   716 | D        | Found Ykedd's Distillery.
   716 | D        | Found Loqip's Weapon Emporium.
   716 | D        | Found Bum Wausiule's Distillery.
   716 | D        | Found Boezoum's General Store.
   716 | D        | Found Butol's Antique Weapon Shop.
   718 | D        | Bought a scroll of acquirement for 676 gold pieces
   719 | D        | Found Sumnilomn's Jewellery Emporium.
   720 | D        | Found Xeicas's Antique Armour Boutique.
   720 | D        | Found Xuosurew's Antique Armour Shoppe.
   721 | D        | Found Icevaroa's Weapon Shop.
   748 | D        | Bought a potion of mutation for 112 gold pieces
   748 | D        | Gained mutation: You occasionally shout uncontrollably at your foes. [potion of mutation]
   748 | D        | Gained mutation: You have large cloven feet. [potion of mutation]
   754 | D        | Bought the ring of Waguewegg {Str+5 Stlth+} for 714 gold pieces
   795 | D        | Found a burning altar of Makhleb.
   795 | D        | Found a viscous altar of Jiyva.
   795 | D        | Found a shimmering altar of Xom.
   795 | D        | Found a corrupted altar of Lugonu.
   888 | D        | Reached ****** piety under Dithmenos
  1417 | D        | Noticed a lorocyproca
  1445 | D        | Noticed a lindwurm
  1451 | D        | Killed a lorocyproca
  1451 | D        | Reached skill level 10 in Dodging
  1737 | D        | Killed a lindwurm
  1956 | D        | Noticed a 12-headed hydra
  1958 | D        | Killed a 12-headed hydra
  1977 | D        | Noticed a daeva
  1980 | D        | Noticed an unseen horror
  1980 | D        | Noticed an unseen horror
  1980 | D        | Noticed an unseen horror
  1981 | D        | Noticed an unseen horror
  1982 | D        | Killed an unseen horror
  1984 | D        | Killed an unseen horror
  1984 | D        | Reached XP level 12. HP: 40/51 MP: 12/17
  1990 | D        | Killed from afar by a daeva

Skill      XL: |  1  2  3  4  5  6  7  8  9 10 11 12 |
---------------+-------------------------------------+-----
Stealth        | 8 12 15 20 22 25 27 | 27.0
Hexes          | 5 7 9 12 14 15 18 21 | 21.6
Short Blades   | 4 9 |  9.9
Dodging        | 6 12 13 | 13.0
Spellcasting   | |  2.6

Action                   |  1- 3 |  4- 6 |  7- 9 | 10-12 || total
-------------------------+-------+-------+-------+-------++-------
Melee: Dagger            |     7 |     4 |    20 |    57 ||    88
       Rapier            |       |       |       |   118 ||   118
       Kick              |       |       |       |    37 ||    37
 Cast: Ensorcelled Hiber |       |       |     3 |    26 ||    29
       Dazzling Spray    |       |       |       |    14 ||    14
       Confuse           |       |       |       |     9 ||     9
Invok: Recite            |       |       |     1 |       ||     1
  Use: Potion            |     1 |       |       |     1 ||     2
       Scroll            |       |       |       |     1 ||     1
 Stab: Sleeping          |     2 |     4 |     9 |    32 ||    47
       Confused          |       |       |       |     5 ||     5
       Invisible         |       |       |       |     9 ||     9
  Eat: Bread ration      |       |       |       |     1 ||     1
Armor: Robe              |       |       |       |     8 ||     8
Dodge: Dodged            |     4 |       |       |   206 ||   210
